 Dungeon Crawl Stone Soup version 0.17.0-28-g6e173f8 (webtiles) character file.

228 lucasterio the Conjurer (level 6, -3/36 HPs)
             Began as an Octopode Wizard on Dec 3, 2015.
             Killed from afar by Sigmund (7 damage)
             ... with a magic dart
             ... on level 4 of the Dungeon.
             The game lasted 00:18:26 (3647 turns).

lucasterio the Conjurer (Octopode Wizard)           Turns: 3647, Time: 00:18:27

Health: -3/36      AC:  1    Str:  6    XL:     6   Next: 2%
Magic:  9/12       EV: 12    Int: 23    God:
Gold:   114        SH:  0    Dex: 10    Spells: 4 memorised, 5 levels left

rFire  . . .     SeeInvis .     (no weapon)
rCold  . . .     Clarity  .     (no shield)
rNeg   . . .     SustAt   .     a - +0 hat
rPois  .         Gourm    .     (no amulet)
rElec  .         Spirit   .     (no ring)
rCorr  .         Warding  .     (no ring)
rMut   .         Stasis   .     (no ring)
MR     .....                    (no ring)
Stlth  +++.......               (no ring)
                                (no ring)
                                (no ring)
                                (no ring)

@: not resistant to hostile enchantments, fairly stealthy
A: almost no armour, amphibious, 8 rings, constrict 8, camouflage 1, gelatinous
body 1
a: no special abilities


You were on level 4 of the Dungeon.
You were not hungry.

You visited 1 branch of the dungeon, and saw 4 of its levels.

You collected 114 gold pieces.

Inventory:

Hand Weapons
 g - a +0 dagger
 m - a +3 quarterstaff of chaos
 u - a +0 mace of protection
Armour
 a - a +0 hat (worn)
 i - a +0 pair of gloves
 y - a +0 robe
Jewellery
 e - a +5 ring of evasion {unknown}
 w - an uncursed ring of protection from fire {unknown}
Scrolls
 k - a scroll of fear {unknown}
 l - a scroll of amnesia {unknown}
 n - 2 scrolls of teleportation {unknown}
 p - 2 scrolls of random uselessness {unknown}
 r - 3 scrolls of identify {unknown}
 s - a scroll of immolation {unknown}
Potions
 d - 2 potions of haste {unknown}
 h - a potion of invisibility {unknown}
 o - 2 potions of heal wounds {unknown}
 q - 2 potions of lignification {unknown}
 t - a potion of ambrosia {unknown}
 x - a potion of berserk rage {unknown}
Books
 b - a book of Minor Magic

   Spells                             Type                      Level
   a - Magic Dart                     Conjuration                  1
   b - Blink                          Translocation                2
   c - Call Imp                       Summoning                    2
   d - Repel Missiles                 Charms/Air                   2
   e - Slow                           Hexes                        2
   f - Conjure Flame                  Conjuration/Fire             3
   g - Mephitic Cloud                 Conjuration/Poison/Air       3
 z - a book of Envenomations

   Spells                             Type                      Level
   a - Spider Form                    Transmutation/Poison         3
   b - Alistair's Intoxication        Transmutation/Poison         4
   c - Olgreb's Toxic Radiance        Poison                       4
   d - Poisonous Cloud                Conjuration/Poison/Air       6
Comestibles
 c - 2 bread rations
 f - a slice of pizza
 j - 3 meat rations
 v - 6 chunks of flesh


   Skills:
 - Level 2.0 Dodging
 - Level 2.6 Stealth
 + Level 4.3 Spellcasting
 * Level 4.5 Conjurations
 - Level 1.0 Summonings
 - Level 1.0 Translocations


You had 5 spell levels left.
You knew the following spells:

 Your Spells              Type           Power        Failure   Level  Hunger
a - Magic Dart            Conj           ####         1%          1    None
b - Blink                 Tloc           N/A          12%         2    #......
c - Call Imp              Summ           #.......     12%         2    #......
d - Mephitic Cloud        Conj/Pois/Air  ##......     17%         3    ##.....


Dungeon Overview and Level Annotations

Branches:
Dungeon (4/15)
 Temple: D:4-7

Altars:

Annotations:
D:4 Dowan, Duvessa, Sigmund


Innate Abilities, Weirdness & Mutations

You cannot wear most types of armour.
You are amphibious.
You can wear up to eight rings at the same time.
You can use your tentacles to constrict eight enemies at once.
Your skin changes colour to match your surroundings (Stealth).
Your rubbery body absorbs attacks (AC +1).


Message History

Nothing appears to happen.
Sigmund gestures at you while chanting.
You are confused.
You're too confused to cast spells.
Unknown command.
Unknown command.
Sigmund casts a spell.
Sigmund flickers and vanishes!
Deactivating autopickup; reactivate with Ctrl-A.
You feel less confused.
A puff of flame appears from out of thin air!
The puff of flame hits you!
* * * LOW HITPOINT WARNING * * *
A magic dart appears from out of thin air!
The magic dart hits you!
* * * LOW HITPOINT WARNING * * *
Your magical contamination has completely faded away.
A magic dart appears from out of thin air!
The magic dart hits you!
You die...

..###...##
....# . #....#
.... ##...#
.## #...## ..#
##...# ###.
... #...##....
##..
##........
#...
##......#...
#...
##.@.######..#
#... #...##
#...###... ###
##..##
#..##...#
#.###..##
#...#...#
##.....#
#..#...#
#....##
#......#
##...#
##.......
#...#
###........
######..#
###....##....


There were no monsters in sight!

Vanquished Creatures
  Crazy Yiuf (D:3)
  Jessica (D:3)
  Natasha (thrice) (D:4 D:3)
  A worker ant (D:4)
  3 adders
  An ooze (D:2)
  A worm (D:2)
  4 giant geckos
  2 orcs (D:3)
  2 ball pythons
  3 giant cockroaches (D:2)
  14 goblins
  7 hobgoblins
  5 jackals
  8 bats
  5 giant newts
  8 kobolds
  3 quokkas
  9 rats
81 creatures vanquished.

Notes
Turn   | Place    | Note
--------------------------------------------------------------
     0 | D:1      | lucasterio the Octopode Wizard began the quest for the Orb.
     0 | D:1      | Reached XP level 1. HP: 11/11 MP: 4/4
   248 | D:1      | Reached XP level 2. HP: 17/17 MP: 3/6
   810 | D:1      | Reached XP level 3. HP: 19/21 MP: 1/7
   965 | D:1      | Learned a level 2 spell: Blink
   968 | D:1      | Learned a level 2 spell: Call Imp
   972 | D:1      | Learned a level 3 spell: Mephitic Cloud
  1578 | D:2      | Reached XP level 4. HP: 27/27 MP: 6/9
  2323 | D:3      | Noticed Crazy Yiuf
  2347 | D:3      | Killed Crazy Yiuf
  2347 | D:3      | Reached XP level 5. HP: 3/31 MP: 0/10
  2673 | D:3      | You fall through a shaft!
  2676 | D:4      | Noticed Natasha
  2683 | D:4      | Killed Natasha
  2683 | D:4      | Reached skill level 4 in Spellcasting
  2695 | D:4      | Noticed Natasha
  2708 | D:4      | Noticed Duvessa
  2713 | D:4      | Noticed Dowan
  2718 | D:3      | Killed Natasha
  2805 | D:3      | Noticed Natasha
  2805 | D:3      | Killed Natasha
  3037 | D:3      | Noticed Jessica
  3043 | D:3      | Killed Jessica
  3567 | D:4      | Reached XP level 6. HP: 36/36 MP: 7/12
  3603 | D:4      | Noticed Sigmund
  3609 | D:4      | Noticed a phantom
  3623 | D:4      | HP: 1/36 [something/magic dart (10)]
  3647 | D:4      | Killed from afar by Sigmund

Action                   |  1- 3 |  4- 6 || total
-------------------------+-------+-------++-------
Melee: Unarmed           |    25 |    32 ||    57
 Cast: Magic Dart        |    72 |    99 ||   171
       Call Imp          |       |     1 ||     1
  Eat: Chunk             |     2 |     6 ||     8
